 Dungeon Crawl Stone Soup version 0.30-a0-242-g7bf8e6d787 (webtiles) character file.

Game seed: 5036029047117958169

103265 NinjaNoafa the Fighter (level 15, -7/129 (135) HPs)
             Began as a Minotaur Fighter on Oct 10, 2022.
             Was the Champion of Okawaru.
             Succumbed to a redback's poison
             ... on level 2 of the Spider Nest on Oct 11, 2022.
             The game lasted 01:07:54 (25153 turns).

NinjaNoafa the Fighter (Minotaur Fighter)          Turns: 25153, Time: 01:07:54

HP:   -7/129 (135)  AC: 44    Str: 44      XL:     15   Next: 88%
MP:   21/23         EV:  6    Int:  6      God:    Okawaru [******]
Gold: 168           SH:  0    Dex: 11 (12) Spells: 14/14 levels left

rFire   + + .      SeeInvis .    I - +6 hand axe of Hinail {chaos, Str+6 Dex+3}
rCold   + + .      Faith    +    B - +3 buckler
rNeg    + . .      Spirit   .    T - +12 plate armour of the Untouchables {rC++}
rPois   +          Reflect  .    w - +5 hat of Lightning Storm {Int+2}
rElec   +          Harm     .    s - +2 cloak
rCorr   +          Rampage  .    m - +2 pair of gloves of Sif Muna's Pride {rN+ Slay+5}
Will    ++...                    N - +2 pair of boots
Stlth   ..........               A - amulet of faith
HPRegen 0.41/turn                n - ring "Tinwof" {Fire Slay+2}
MPRegen 0.18/turn                x - ring "Bidium" {Contam rElec Will+ Str+6}

@: lethally poisoned (-7 -> -63), about to teleport, resistant, heroic, held,
lightly drained
A: horns 2, retaliatory headbutt, deterioration 1, strong 1
a: Renounce Religion, Heroism, Finesse, Duel


You were on level 2 of the Spider Nest.
You worshipped Okawaru.
Okawaru was exalted by your worship.
You visited 5 branches of the dungeon, and saw 24 of its levels.

You collected 2042 gold pieces.
You spent 1874 gold pieces at shops.

Inventory:

Hand Weapons
 I - the +6 hand axe of Hinail (weapon) {chaos, Str+6 Dex+3}
   (You found it on level 5 of the Lair of Beasts)

   Each time it hits an enemy it has a different, random effect.
   Str:       It affects your strength (+6).
   Dex:       It affects your dexterity (+3).
Missiles
 e - 192 stones
 t - 32 poisoned darts (quivered)
 y - 5 atropa-tipped darts
 F - 8 curare-tipped darts
 L - a boomerang of dispersal
 R - 8 javelins
 Z - 4 silver javelins
Armour
 m - the +2 pair of gloves of Sif Muna's Pride (worn) {rN+ Slay+5}
   (You acquired it on level 11 of the Dungeon)

   Slay:      It affects your accuracy & damage with ranged weapons and melee
   (+5).
   rN:        It protects you from negative energy.
 s - a +2 cloak (worn)
 w - the +5 hat of Lightning Storm (worn) {Int+2}
   (Okawaru gifted it to you on level 1 of the Spider Nest)

   Int:       It affects your intelligence (+2).
 B - a +3 buckler (worn)
 N - a +2 pair of boots (worn)
 T - the +12 plate armour of the Untouchables (worn) {rC++}
   (Okawaru gifted it to you on level 14 of the Dungeon)

   rC:        It greatly protects you from cold.
Jewellery
 n - the ring "Tinwof" (left hand) {Fire Slay+2}
   (You found it on level 5 of the Lair of Beasts)

   [ring of fire]

   It enhances your fire magic.
   Slay:      It affects your accuracy & damage with ranged weapons and melee
   (+2).
   rF:        It protects you from fire.
   rC:        It makes you vulnerable to cold.
 x - the ring "Bidium" (right hand) {Contam rElec Will+ Str+6}
   (You bought it in a shop on level 14 of the Dungeon)

   [ring of strength]

   Str:       It affects your strength (+6).
   rElec:     It insulates you from electricity.
   Contam:    It causes magical contamination when unequipped.
   Will:      It increases your willpower.
 A - an amulet of faith (around neck)
 C - a ring of resist corrosion
 E - a ring of protection from cold
Wands
 g - a wand of iceblast (18)
 p - a wand of flame (7)
 G - a wand of acid (25)
 H - a wand of mindburst (20)
 O - a wand of polymorph (8)
Scrolls
 a - 6 scrolls of fear
 f - 2 scrolls of enchant weapon
 h - 8 scrolls of magic mapping
 i - 6 scrolls of vulnerability
 o - 3 scrolls of noise
 u - 5 scrolls of teleportation
 M - a scroll of torment
 S - 3 scrolls of immolation
 V - a scroll of poison
Potions
 b - 3 potions of attraction
 c - 4 potions of lignification
 j - 2 potions of berserk rage
 l - 5 potions of curing
 q - 4 potions of haste
 r - a potion of ambrosia
 z - 2 potions of might
 J - 4 potions of invisibility
 P - a potion of flight
 Y - a potion of cancellation
Miscellaneous
 k - a tin of tremorstones (1/2)
 D - a lightning rod (4/4)
 Q - a piece from Xom's chessboard (14/15)
 U - a phial of floods
 X - a condenser vane


   Skills:
 + Level 13.1(18.1) Fighting
 - Level 9.6(17.0) Axes
 - Level 11.2(18.3) Maces & Flails
 - Level 2.1(12.7) Polearms
 - Level 6.6(14.9) Staves
 - Level 13.0(18.0) Throwing
 - Level 9.0(14.0) Armour
 - Level 5.0(10.0) Dodging
 - Level 7.0(12.0) Shields
 + Level 13.0 Invocations
 + Level 11.1 Evocations


You had 14 spell levels left.
You didn't know any spells.
Your spell library contained the following spells:

 Spells                   Type           Power      Damage    Failure   Level
 Beastly Appendage        Tmut           0%         N/A       90%         1
 Foxfire                  Conj/Fire      0%         2x1d4     90%         1
 Sandblast                Erth           0%         2d4       90%         1
 Blink                    Tloc           0%         N/A       97%         2
 Passwall                 Tmut/Erth      0%         N/A       97%         2
 Wereblood                Tmut           0%         N/A       97%         2
 Dazzling Flash           Conj/Hex       0%         N/A       99%         3
 Kindle Blastsparks       Fire/Tloc/Air  0%         2d10      99%         3
 Portal Projectile        Hex/Tloc       0%         N/A       99%         3
 Spider Form              Tmut/Pois      0%         N/A       99%         3
 Stone Arrow              Conj/Erth      0%         3d7       99%         3
 Iskenderun's Mystic Bla  Conj/Tloc      0%         2d3       100%        4
 Manifold Assault         Tloc           0%         N/A       100%        4
 Passage of Golubria      Tloc           0%         N/A       100%        4
 Fireball                 Conj/Fire      0%         3d3       100%        5
 Yara's Violent Unravell  Hex/Tmut       0%         3d3       100%        5
 Starburst                Conj/Fire      0%         6d3       100%        6
 Storm Form               Tmut/Air       0%         N/A       100%        7
 Discord                  Hex            0%         N/A       100%        8
 Summon Mana Viper        Hex/Summ       Unusable   N/A       N/A         5
 Summon Cactus Giant      Summ           Unusable   N/A       N/A         6

Dungeon Overview and Level Annotations

Branches:
Dungeon (15/15)            Temple (1/1) D:7            Lair (5/5) D:11
  Swamp (1/4) Lair:2       Spider (2/4) Lair:3        Slime (0/5) Lair:5
    Orc (0/2) D:12         Vaults (0/5) D:13         Depths (0/4) D:15

Altars:
Ashenzari
Cheibriados
Dithmenos
Elyvilon
Fedhas
Gozag
Hepliaklqana
Kikubaaqudgha
Makhleb
Nemelex Xobeh
Okawaru
Qazlal
Ru
Sif Muna
Trog
Uskayaw
Vehumet
Wu Jian
Xom
Yredelemnul
Zin
The Shining One
Jiyva

Shops:
D:11 [   D:14 *=!=


Innate Abilities, Weirdness & Mutations

You have a pair of horns on your head.
You reflexively headbutt those who attack you in melee.
Your body sometimes deteriorates upon taking damage.
Your muscles are strong. (Str +4, Int/Dex -1)


Message History

The redback bites you!
You are lethally poisoned!
The redback poisons you!
The redback bites you but does no damage.
There is a web, spattered with blood here.
Okay, then.
You struggle to detach yourself from the web.
You feel extremely sick.
The jumping spider pounces on you but does no damage.
The jumping spider bites you but does no damage.
The culicivora barely misses you. The redback barely misses you.
The culicivora bites you but does no damage.
The redback bites you but does no damage.
The jumping spider pounces on you but does no damage.
The jumping spider bites you but does no damage.
You feel protected.
* * * LOW HITPOINT WARNING * * *
You feel extremely sick. The culicivora barely misses you.
The redback bites you but does no damage.
The culicivora bites you!
* * * LOW HITPOINT WARNING * * *
The culicivora draws strength from your injuries!
The redback bites you but does no damage.
The jumping spider leaps!
The culicivora barely misses you. You furiously retaliate!
You headbutt the culicivora!
The redback bites you but does no damage.
The culicivora barely misses you. The redback barely misses you.
As you read the scroll of teleportation, it crumbles to dust.
You feel strangely unstable.
* * * LOW HITPOINT WARNING * * *
You feel extremely sick.
The culicivora bites you but does no damage.
The redback bites you.
* * * LOW HITPOINT WARNING * * *
The culicivora is healed somewhat.
The redback bites you but does no damage.
Okay, then.
You gain the combat prowess of a mighty hero.
You die...

###### ....^### .#...
....##.##### ....>
#......^...# ### #.....
##....)...^####.##......
............#.#..#...#..
........................
.........#......ss....^.
............s..s@s)...#
....#...#..#...#.##...#
....######.#...#.# ..=#
...## #...^.... ## ...^#
##.##..#.. ...# ##
###.... #.## ..... ###
..... #


You could see 2 culicivoras, a jumping spider and 2 redbacks.

Vanquished Creatures
  Donald (Spider:1)
  Nessos (Lair:4)
  An eleionoma (Swamp:1)
  A dire elephant (Lair:5)
  Azrael (D:12)
  A fire dragon (Lair:5)
  A vault guard (Arena)
  7 hydras
  5 centaur warriors
  2 radroaches (Spider:1)
  4 two-headed ogres
  21 death yaks
  5 alligators (Swamp:1)
  A catoblepas (Lair:5)
  A vampire mage (D:15)
  Urug (D:13)
  Sonja (D:11)
  A sun moth (Spider:1)
  Amaemon (D:11)
  A fire crab (Lair:5)
  5 pharaoh ants (Spider:1)
  2 steelbarb worms
  A goliath frog (Swamp:1)
  A spark wasp zombie (D:15)
  Lodul (D:13)
  2 orb spiders
  A bog body (Swamp:1)
  A deep elf pyromancer (D:12)
  A necromancer (D:13)
  3 lindwurms (Lair:5)
  2 wizards (D:13)
  9 wolf spiders
  3 ugly things
  6 cyclopes
  5 elephants
  2 manticores
  3 black mambas (Lair:5)
  Joseph (Lair:1)
  7 torpor snails
  Maggie (D:7)
  20 cane toads
  An orange demon (D:11)
  Psyche (D:11)
  An efreet (D:14)
  4 komodo dragons
  A kobold demonologist (D:9)
  A demonic crawler (Spider:1)
  4 rime drakes
  2 unseen horrors
  2 polar bears
  A troll (D:11)
  13 hornets
  5 tyrant leeches
  5 slime creatures (D:14)
  9 tarantellas
  An ettin zombie (D:15)
  5 dream sheep
  9 blink frogs
  A centaur simulacrum (D:15)
  15 jumping spiders (Spider:1)
  4 culicivoras
  3 shadows
  30 yaks
  6 wyverns
  3 fire elementals
  A wraith (D:9)
  20 humans
  3 steam dragons
  4 basilisks
  23 redbacks
  A redback simulacrum (D:14)
  10 vampire mosquitoes
  A glowing shapeshifter zombie (D:15)
  5 swamp worms
  5 hell hounds
  7 water moccasins
  3 sky beasts
  2 ice beasts
  3 black bears (D:11)
  6 orc warriors
  10 ogres
  13 wolves
  17 centaurs
  A phantom (D:5)
  5 kobold brigands
  6 bullfrogs
  A gnoll sergeant (D:7)
  8 scorpions
  5 wights (D:6)
  15 killer bees
  4 howler monkeys
  2 electric eels (Lair:3)
  2 hounds
  A jelly (D:6)
  5 orc priests
  7 iguanas
  Terence (D:2)
  12 orc wizards
  2 hell rats (Lair:5)
  3 gnolls (D:7)
  4 adders
  2 shadow imps
  A white imp (D:5)
  5 worms
  2 dart slugs
  29 orcs
  8 ball pythons
  6 bats
  5 endoplasms
  3 giant cockroaches
  8 goblins
  4 hobgoblins
  4 jackals (D:1)
  A quokka (D:5)
  33 kobolds
  8 rats
599 creatures vanquished.

Vanquished Creatures (others)
  A cane toad (Lair:4)
  A bloated husk (Swamp:1)
  31 fungi
  91 plants
  4 withered plants (D:15)
128 creatures vanquished.

Grand Total: 727 creatures vanquished

Notes
Turn   | Place    | Note
-------+----------+-------------------------------------------
     0 | D:1      | NinjaNoafa the Minotaur Fighter began the quest for the
                  | Orb.
     0 | D:1      | Reached XP level 1. HP: 19/19 MP: 0/0
   214 | D:1      | Reached XP level 2. HP: 27/27 MP: 1/1
   494 | D:1      | Reached skill level 1 in Polearms
   959 | D:2      | Noticed Terence
   965 | D:2      | Killed Terence
   966 | D:2      | Reached XP level 3. HP: 25/33 MP: 2/2
  1062 | D:2      | Found a white marble altar of Elyvilon.
  1652 | D:3      | Reached XP level 4. HP: 40/41 MP: 3/3
  1843 | D:3      | Found a broken altar of Ashenzari.
  1880 | D:3      | Found a hazy altar of Hepliaklqana.
  1882 | D:3      | Found a glowing silver altar of Zin.
  1882 | D:3      | Found a shimmering blue altar of Sif Muna.
  1884 | D:3      | Found a shimmering altar of Xom.
  1884 | D:3      | Found a shimmering altar of Xom.
  1884 | D:3      | Found an iron altar of Okawaru.
  2433 | D:4      | Found an iron altar of Okawaru.
  2664 | D:4      | Reached XP level 5. HP: 41/47 MP: 4/4
  2723 | D:4      | Found a glowing golden altar of the Shining One.
  2821 | D:4      | Became a worshipper of Warmaster Okawaru
  2852 | D:5      | Entered Level 5 of the Dungeon
  2880 | D:5      | Noticed an ogre
  2889 | D:5      | Killed an ogre
  2890 | D:5      | Reached skill level 5 in Fighting
  2890 | D:5      | Reached skill level 5 in Armour
  2890 | D:5      | Reached XP level 6. HP: 47/56 MP: 5/5
  3029 | D:5      | Noticed a two-headed ogre
  3039 | D:5      | Killed a two-headed ogre
  3039 | D:5      | Reached * piety under Okawaru
  3039 | D:5      | Reached ** piety under Okawaru
  3039 | D:5      | Reached *** piety under Okawaru
  3040 | D:5      | Reached skill level 5 in Maces & Flails
  3040 | D:5      | Reached skill level 5 in Shields
  3040 | D:5      | Reached skill level 5 in Invocations
  3040 | D:5      | Reached XP level 7. HP: 40/61 MP: 5/9
  3180 | D:5      | Got the Tractate on Generative Translocation
  3263 | D:5      | Reached XP level 8. HP: 57/68 MP: 10/10
  3949 | D:6      | Gained mutation: You have a pair of large horns on your
                  | head. [potion of mutation]
  3949 | D:6      | Lost mutation: You have a pair of large horns on your head.
                  | [potion of mutation]
  3950 | D:6      | Gained mutation: Your body sometimes deteriorates upon
                  | taking damage. [potion of mutation]
  3950 | D:6      | Gained mutation: Your muscles are strong. (Str +4, Int/Dex
                  | -1) [potion of mutation]
  4053 | D:6      | Reached **** piety under Okawaru
  4270 | D:6      | Found a shimmering blue altar of Sif Muna.
  4376 | D:7      | Noticed Maggie
  4397 | D:7      | Killed Maggie
  4398 | D:7      | Reached XP level 9. HP: 16/79 MP: 13/13
  4405 | D:7      | HP: 1/79 [sky beast (5)]
  5105 | D:7      | Reached skill level 1 in Throwing
  5293 | D:7      | Found a staircase to the Ecumenical Temple.
  5295 | D:7      | Identified the +5 whip of Karma {elec, rC+ Will+ SInv}
  5348 | Temple   | Entered the Ecumenical Temple
  5652 | D:7      | Found a bloodstained altar of Trog.
  5677 | D:7      | Reached ***** piety under Okawaru
  5900 | D:8      | Reached skill level 5 in Throwing
  6122 | D:8      | Noticed a two-headed ogre
  6128 | D:8      | Reached XP level 10. HP: 86/86 MP: 15/15
  6245 | D:8      | Killed a two-headed ogre
  6326 | D:8      | Identified the +6 quarterstaff "Giant's Regret" {antimagic,
                  | Dex+5 Stlth+} (Okawaru gifted it to you on level 8 of the
                  | Dungeon)
  6326 | D:8      | Received a gift from Okawaru
  6386 | D:8      | Found a radiant altar of Vehumet.
  6386 | D:8      | Found an opulent altar of Gozag.
  6490 | D:9      | Reached skill level 1 in Staves
  6590 | D:9      | Found a burning altar of Makhleb.
  6673 | D:9      | Reached skill level 5 in Dodging
  6676 | D:9      | Reached skill level 5 in Staves
  6791 | D:9      | Found an ancient bone altar of Kikubaaqudgha.
  6975 | D:9      | Found a snail-covered altar of Cheibriados.
  7049 | D:10     | Entered Level 10 of the Dungeon
  7447 | D:11     | Found Zoikhl Weqel's Armour Boutique.
  7449 | D:11     | Identified a scroll of acquirement
  7449 | D:11     | Acquired the +2 pair of gloves of Sif Muna's Pride {rN+
                  | Slay+5}
  7474 | D:11     | Bought a +0 pair of boots for 49 gold pieces
  7523 | D:11     | Received a gift from Okawaru
  7554 | D:11     | Noticed Sonja
  7562 | D:11     | Noticed Psyche
  7566 | D:11     | Killed Psyche
  7582 | D:11     | Noticed an orange demon
  7585 | D:11     | Noticed Amaemon
  7589 | D:11     | Killed an orange demon
  7590 | D:11     | Reached XP level 11. HP: 92/92 MP: 5/16
  7596 | D:11     | Killed Amaemon
  7774 | D:11     | Received a gift from Okawaru
  7869 | D:11     | Found a staircase to the Lair.
  8500 | D:11     | Killed Sonja
  8500 | D:11     | Reached ****** piety under Okawaru
  8557 | D:12     | Noticed a brown ugly thing
  8564 | D:12     | Killed a brown ugly thing
  8564 | D:12     | Identified the +2 hat of the Many Cities {rC+ MP+9 Int+4}
                  | (Okawaru gifted it to you on level 12 of the Dungeon)
  8564 | D:12     | Received a gift from Okawaru
  8575 | D:12     | Noticed a two-headed ogre
  8584 | D:12     | Killed a two-headed ogre
  8628 | D:12     | Found a staircase to the Orcish Mines.
  8859 | D:12     | Noticed a red ugly thing
  8870 | D:12     | Reached skill level 10 in Invocations
  8876 | D:12     | Killed a red ugly thing
  8895 | D:12     | Noticed a deep elf pyromancer
  8905 | D:12     | Killed a deep elf pyromancer
  9119 | D:12     | Noticed Azrael
  9382 | Lair:1   | Entered Level 1 of the Lair of Beasts
  9513 | D:10     | Got the Secrets of the Maze
  9872 | D:12     | Reached XP level 12. HP: 58/104 MP: 9/19
 10208 | D:12     | Killed Azrael
 10605 | D:13     | Noticed Lodul
 10623 | D:13     | Killed Lodul
 10623 | D:13     | Identified the +1 robe of the Shore {Regen+} (Okawaru
                  | gifted it to you on level 13 of the Dungeon)
 10623 | D:13     | Received a gift from Okawaru
 10843 | D:13     | Noticed a centaur warrior
 10865 | D:13     | Killed a centaur warrior
 11097 | D:13     | Noticed a centaur warrior
 11106 | D:13     | Killed a centaur warrior
 11677 | D:13     | Noticed Urug
 11685 | D:13     | Killed Urug
 11913 | D:13     | Reached skill level 10 in Maces & Flails
 11954 | D:13     | Found a gate to the Vaults.
 11954 | D:13     | Noticed a vault guard
 11959 | Arena    | Entered the Arena
 11968 | Arena    | Killed a vault guard
 12193 | D:14     | Found Paatsenn's General Store.
 12196 | D:14     | Bought 2 potions of berserk rage for 160 gold pieces
 12196 | D:14     | Bought a lightning rod (4/4) for 480 gold pieces
 12205 | D:14     | Noticed a centaur warrior
 12211 | D:14     | Noticed a centaur warrior
 12212 | D:14     | Killed a centaur warrior
 12212 | D:14     | Identified the +12 plate armour of the Untouchables {rC++}
                  | (Okawaru gifted it to you on level 14 of the Dungeon)
 12212 | D:14     | Received a gift from Okawaru
 12218 | D:14     | Noticed a centaur warrior
 12243 | D:13     | Reached XP level 13. HP: 76/111 MP: 21/21
 12365 | D:13     | Reached skill level 5 in Evocations
 12722 | D:14     | Found Leovaigu's Jewellery Shoppe.
 13072 | D:14     | Found Acinn's Distillery.
 13075 | D:14     | Bought a potion of heal wounds for 75 gold pieces
 13191 | D:14     | Found Eguisiga's Jewellery Boutique.
 13577 | D:15     | Entered Level 15 of the Dungeon
 13589 | D:15     | Found a staircase to the Depths.
 14110 | Lair:1   | Received a gift from Okawaru
 14199 | Lair:1   | Noticed Joseph
 14212 | Lair:1   | Received a gift from Okawaru
 14220 | Lair:1   | Killed Joseph
 14231 | Lair:1   | Reached skill level 10 in Throwing
 14425 | Lair:1   | Received a gift from Okawaru
 15562 | Lair:2   | Identified the +9 whip of Empujall {speed, rElec rPois
                  | Int+2 SInv} (Okawaru gifted it to you on level 2 of the
                  | Lair of Beasts)
 15562 | Lair:2   | Received a gift from Okawaru
 15703 | Lair:2   | Found a staircase to the Swamp.
 16010 | Lair:3   | Found a hole to the Spider Nest.
 16053 | Swamp:1  | Entered Level 1 of the Swamp
 16297 | Swamp:1  | Received a gift from Okawaru
 16325 | Swamp:1  | Noticed an eleionoma
 16338 | Swamp:1  | Killed an eleionoma
 16709 | Lair:2   | Reached XP level 14. HP: 118/118 MP: 22/22
 16959 | Lair:2   | Upgraded the game from 0.30-a0-241-g1121274140 to
                  | 0.30-a0-242-g7bf8e6d787
 16971 | Lair:3   | Received a gift from Okawaru
 17022 | Lair:3   | Received a gift from Okawaru
 17049 | Lair:3   | Reached skill level 10 in Fighting
 17101 | Lair:3   | Identified the +0 hat of Elitism {Harm rPois Str-3 SInv}
                  | (Okawaru gifted it to you on level 3 of the Lair of Beasts)
 17101 | Lair:3   | Received a gift from Okawaru
 17102 | Lair:3   | Reached skill level 10 in Evocations
 18215 | Lair:4   | Noticed Nessos
 18255 | Lair:4   | Killed Nessos
 19154 | D:14     | Bought the ring "Bidium" {Contam rElec Will+ Str+6} for 600
                  | gold pieces
 19487 | Lair:5   | Entered Level 5 of the Lair of Beasts
 19552 | Lair:5   | Found a staircase to the Slime Pits.
 19552 | Lair:5   | Found a viscous altar of Jiyva.
 19880 | Lair:5   | Received a gift from Okawaru
 19918 | Lair:5   | Received a gift from Okawaru
 20455 | Lair:5   | Reached XP level 15. HP: 124/135 MP: 23/23
 21147 | Lair:5   | Received a gift from Okawaru
 21240 | Lair:5   | Found a runed translucent door.
 21272 | Lair:5   | Identified the +6 hand axe of Hinail {chaos, Str+6 Dex+3}
 21474 | Lair:5   | Reached skill level 1 in Axes
 21687 | Lair:5   | Received a gift from Okawaru
 21902 | Lair:5   | Identified the ring "Tinwof" {Fire Slay+2}
 22260 | Spider:1 | Entered Level 1 of the Spider Nest
 22442 | Spider:1 | Received a gift from Okawaru
 22702 | D:14     | Bought a potion of resistance for 150 gold pieces
 22702 | D:14     | Bought a potion of might for 60 gold pieces
 22702 | D:14     | Bought 2 potions of haste for 300 gold pieces
 22957 | Spider:1 | Reached skill level 5 in Axes
 22971 | Spider:1 | Received a gift from Okawaru
 24115 | Spider:1 | Identified the +5 hat of Lightning Storm {Int+2} (Okawaru
                  | gifted it to you on level 1 of the Spider Nest)
 24115 | Spider:1 | Received a gift from Okawaru
 24383 | Spider:1 | Noticed Donald
 24406 | Spider:1 | Killed Donald
 24440 | Spider:1 | HP: 5/123 [something (13)]
 24441 | Spider:1 | HP: 2/123 [something (13)]
 25152 | Spider:2 | HP: 5/129 [redback (3)]
 25153 | Spider:2 | Succumbed to a redback's poison

Illustrated notes

Levels and vault maps discovered:
D:1:      minmay_arrival_floating_metal, layout_rooms, chequers_avenue,
          bh_walls_and_bars
D:2:      layout_loops_ring, basic_altar, uniq_terence
D:3:      layout_loops_ring, doesnt_xom_only_xom, lemuel_tele_altar,
          minmay_misc_feat_square, hangedman_decor_slide_cut
D:4:      layout_rooms, nicolae_overflow_hidden_temple,
          kennysheep_okawaru_gauntlet
D:5:      layout_gridville
D:6:      layout_rooms, tgw_sif
D:7:      layout_cave_pools, trog_butcher_becter, minmay_temple_entry_trees,
          uniq_maggie
D:8:      layout_rooms, nicolae_overflow_two_pavilions
D:9:      layout_rooms, mainiacjoe_overflow_six_doors_small,
          nicolae_overflow_crystal_walls, cheibrodos_worm_habitat
D:10:     layout_basic
D:11:     layout_gridville, grunt_lair_entry_orc_guard_hut, serial_shops, shop,
          uniq_sonja, uniq_amaemon, uniq_psyche
D:12:     layout_roguey, david_orc_2, uniq_azrael
D:13:     layout_loops_corners, grunt_vaults_entry_tiered,
          portal_ice_cave_entry_pillars_2, uniq_urug, uniq_lodul
D:14:     layout_basic, grunt_decor_resistance, serial_shops,
          nicolae_stop_n_shop_2, nicolae_shop_hallway_plus,
          kennysheep_mini_moat, nicolae_shop_temple_entry_statues_fountains,
          hangedman_decor_clover_reticule, reono_crystal_passage,
          grunt_livestock
D:15:     gammafunk_depths_entry_grave, layout_irregular_city,
          minmay_misc_feat_secret_circle, serial_demonic, serial_demonic_a,
          serial_demonic_a, serial_demonic_e, serial_demonic_d
Temple:   chequers_temple_sunken
Lair:1:   layout_cave_pods, grunt_megastairs_3, uniq_joseph
Lair:2:   layout_cave_pods, palyth_hydra_swamp_entry
Lair:3:   layout_regular_city, nicolae_spider_entry_non_spiders, serial_bayou,
          serial_bayou_lake_a, serial_bayou_shore_a, serial_bayou_lagoon_a,
          serial_bayou_pond_c, dreamdust_wasp_nest, infiniplex_staircase_pool_2
Lair:4:   layout_regular_city, uniq_nessos
Lair:5:   wormcave, layout_cave_pods, hangedman_lair_in_review, slime_entry_1,
          columned_hall_lemuel, nicolae_lair_run_with_the_wolves,
          serial_bayou_shore_b
Swamp:1:  layout_basic_swamp, infiniplex_staircase_pool,
          nicolae_swamp_dense_foliage
Spider:1: layout_chambers, uniq_donald
Spider:2: layout_spider_delve, nicolae_spider_acid_house

Skill      XL: |  1  2  3  4  5  6  7  8  9 10 11 12 13 14 15 |
---------------+----------------------------------------------+-----
Armour         | 4 5 7 9 |  9.0
Fighting       | 4 5 7 9 13 | 13.1
Polearms       | 2 |  2.1
Shields        | 4 5 7 |  7.0
Maces & Flails | 3 4 5 7 8 9 10 11 | 11.2
Invocations    | 5 7 9 10 13 | 13.0
Evocations     | 2 3 4 8 11 | 11.1
Throwing       | 5 8 9 11 13 | 13.0
Dodging        | 5 |  5.0
Staves         | 6 |  6.6
Axes           | 9 |  9.6

Action                   |  1- 3 |  4- 6 |  7- 9 | 10-12 | 13-15 || total
-------------------------+-------+-------+-------+-------+-------++-------
Melee: Flail             |    34 |       |       |       |       ||    34
       Headbutt          |     6 |    13 |    44 |    80 |   265 ||   408
       Halberd           |    42 |       |       |       |       ||    42
       Morningstar       |    21 |    76 |   118 |       |       ||   215
       Whip              |       |       |    98 |   144 |   706 ||   948
       Quarterstaff      |       |       |       |   231 |       ||   231
       Hand axe          |       |       |       |       |   205 ||   205
Throw: Stone             |       |    14 |       |     4 |     1 ||    19
       Dart              |       |       |     7 |    25 |    47 ||    79
       Javelin           |       |       |       |    75 |   121 ||   196
Invok: Heroism           |       |       |     1 |       |     1 ||     2
       Finesse           |       |       |       |     1 |     1 ||     2
       Duel              |       |       |       |     1 |       ||     1
Evoke: Wand              |       |     9 |     8 |     3 |    17 ||    37
       Piece from Xom's  |       |       |       |     2 |     4 ||     6
       Phial of floods   |       |       |       |     1 |       ||     1
       Lightning rod     |       |       |       |       |     4 ||     4
       Tin of tremorston |       |       |       |       |     2 ||     2
  Use: Potion            |       |     2 |     6 |     5 |     4 ||    17
       Scroll            |       |       |    15 |    13 |     9 ||    37
 Stab: Paralysed         |       |       |       |       |     3 ||     3
       Confused          |       |       |       |       |     1 ||     1
Armor: Scale mail        |    39 |       |       |       |       ||    39
       Chain mail        |    24 |    67 |   146 |   173 |       ||   410
       Skin              |       |       |       |     9 |       ||     9
       Plate armour      |       |       |       |       |   651 ||   651
Dodge: Dodged            |    45 |    31 |   164 |   411 |   509 ||  1160
Block: Buckler           |    15 |    24 |    91 |    82 |   372 ||   584

Table legend: (Time is in decaauts)
 A = Elapsed time spent in this place.
 B = Non-inter-level travel time spent in this place.
 C = Inter-level travel time spent in this place.
 D = Time resting spent in this place.
 E = Time spent auto-exploring this place.
 F = Levels seen in this place.
 G = Mean time per level.
                   A        B        C        D        E       F      G
               +--------+--------+--------+--------+--------+-----+--------+
         Total |  24968 |  22969 |   1999 |    123 |  18317 |  25 |  998.7 |
       Dungeon |  14198 |  12799 |   1399 |      0 |  10023 |  15 |  946.5 |
        Temple |    225 |    221 |      4 |      0 |    213 |   1 |  225.0 |
          Lair |   7522 |   7027 |    495 |    123 |   5711 |   5 | 1504.4 |
         Swamp |    570 |    559 |     11 |      0 |    436 |   1 |  570.0 |
   Spider Nest |   2429 |   2341 |     88 |      0 |   1918 |   2 | 1214.5 |
         Arena |     23 |     23 |      0 |      0 |     15 |   1 |   23.0 |
               +--------+--------+--------+--------+--------+-----+--------+

Top non-repeatable levels by time:
  Lair:5: 2597 daAuts
Spider:1: 2337 daAuts
    D:13: 1884 daAuts
    D:11: 1638 daAuts
    D:14: 1541 daAuts
  Lair:3: 1485 daAuts
  Lair:2: 1431 daAuts
    D:12: 1296 daAuts
  Lair:4: 1051 daAuts
     D:7: 1048 daAuts
  Lair:1: 957 daAuts
     D:1: 922 daAuts
     D:6: 879 daAuts
     D:5: 872 daAuts
     D:8: 734 daAuts
